 Dungeon Crawl Stone Soup version 0.31-a0-1112-ga3593d9213 (webtiles) character file.

Game seed: 5975525115763373695

5685 GreatBamboolord the Covert (level 10, 0/44 HPs)
             Began as a Felid Shapeshifter on Dec 4, 2023.
             Was an Initiate of Gozag.
             Slain by a wyvern (17 damage)
             ... on level 9 of the Dungeon.
             The game lasted 00:26:15 (11974 turns).

GreatBamboolord the Covert (Felid Shapeshifter)    Turns: 11974, Time: 00:26:16

Health: 0/44       AC:  2    Str: 10    XL:     10   Next: 47%
Magic:  17/17      EV: 23    Int: 15    God:    Gozag
Gold:   380        SH:  0    Dex: 17    Spells: 9/17 levels left
                                        Lives:  0   Deaths: 4

rFire   . .          .
                       - Unarmed
rCold   . . .        (shield unavailable)
rNeg    . . .        (body armour unavailable)
rPois   .            (helmet unavailable)
rElec   .            (cloak unavailable)
rCorr   .            (gloves unavailable)
SInv    +            (boots unavailable)
Will    ++...        m - amulet of magic regeneration
Stlth   +++++        d - ring of willpower
HPRegen 0.27/turn    (no ring)
MPRegen 0.55/turn

%: no passive effects
@: beast-form, on berserk cooldown, slowed, slow
A: beast (slay +4), very small, claws 1, fangs 3, see invisible, speed 1, shaggy
fur 2, stealthy paws, no weapons or thrown items, no armour, multi-lived
a: Begin Untransformation, Renounce Religion, Potion Petition, Call Merchant,
Bribe Branch


You were on level 9 of the Dungeon.
You worshipped Gozag.
Gozag was aware of your devotion.
You were a hulking beast.
You visited 2 branches of the dungeon, and saw 10 of its levels.
You also visited: Sewer and Ossuary.

You collected 1962 gold pieces.
You paid 1582 gold pieces to Gozag.

Inventory:

Jewellery
 d - a ring of willpower (left paw)
 m - an amulet of magic regeneration (around neck)
Talismans
 b - a beast talisman
 c - a flux talisman
 k - a maw talisman
Wands
 l - a wand of charming (8)
 n - a wand of acid (5)
 v - a wand of polymorph (1)
Scrolls
 e - 2 scrolls of noise
 f - a scroll of silence
 g - 4 scrolls of blinking
 h - 6 scrolls of poison
 i - a scroll of fog
 j - 2 scrolls of vulnerability
 p - 9 scrolls of teleportation
 q - 2 scrolls of identify
 r - 2 scrolls of fear
Potions
 a - a potion of haste
 o - 2 potions of berserk rage
 s - 3 potions of enlightenment
 t - a potion of brilliance
 u - a potion of cancellation
 w - a potion of attraction
 x - a potion of mutation {unknown}
 z - a potion of resistance {unknown}
 A - a potion of might {unknown}


   Skills:
 + Level 5.0 Fighting
 * Level 9.7 Dodging
 * Level 10.1 Stealth
 + Level 5.7 Unarmed Combat
 + Level 4.2 Spellcasting
 + Level 6.6 Translocations
 * Level 7.8 Shapeshifting


You had 9 spell levels left.
You knew the following spells:

 Your Spells              Type           Power      Damage    Failure   Level
a - Lesser Beckoning      Tloc           46%        N/A       1%          2
b - Gell's Gravitas       Tloc           23%        N/A       3%          3
c - Teleport Other        Tloc           23%        N/A       3%          3

Your spell library contained the following spells:

 Spells                   Type           Power      Damage    Failure   Level
 Sandblast                Erth           6%         2d5       19%         1
 Passwall                 Tmut/Erth      2%         N/A       26%         2
 Stone Arrow              Conj/Erth      6%         3d7       47%         3
 Brom's Barrelling Bould  Conj/Erth      3%         2d3       87%         4
 Leda's Liquefaction      Hex/Erth       1%         N/A       87%         4
 Lee's Rapid Deconstruct  Erth           1%         3d4*      99%         5
 Bombard                  Conj/Erth      1%         9d1       100%        6


Dungeon Overview and Level Annotations

Branches:
Dungeon (9/15)             Temple (1/1) D:4           Sewer (visited)
Ossuary (visited)
   Lair: D:8-11         Orc: D:9-12

Altars:
Ashenzari
Cheibriados
Dithmenos
Elyvilon
Fedhas
Gozag
Hepliaklqana
Kikubaaqudgha
Makhleb
Nemelex Xobeh
Okawaru
Qazlal
Ru
Sif Muna
Trog
Uskayaw
Vehumet
Wu Jian
Xom
Yredelemnul
Zin
The Shining One

Shops:
D:1 [=*   D:2 [   D:3 (


Innate Abilities, Weirdness & Mutations

You are a hulking beast.
Your limbs bulge with bestial killing power. (Slay +4)
You have sharp claws.
You have razor-sharp teeth.
You have supernaturally acute eyesight. (SInv)
You cover ground quickly. (Speed+)
You are covered in thick fur. (AC +2)
Your paws help you pounce on unaware monsters.
You are incapable of wielding weapons or throwing items.
You cannot wear armour.
You gain extra lives every three experience levels.


Message History

You feel yourself moving faster!
You feel mighty! The wyvern misses you. The wyvern barely misses you.
You claw the wyvern!
You kill the wyvern!
You claw the orc!
You kill the orc!
You scratch the orc.
The orc is heavily wounded.
You claw the orc!
You kill the orc!
You now have 360 gold pieces (gained 46).
Things that are here:
a +0 whip; a +0 leather armour; a +0 short sword You feel a strong urge to attack something.
You now have 380 gold pieces (gained 20).
You see here a +1 dagger of draining.
You feel your anger nearly subside.
The wyvern hisses angrily.
Things that are here:
40 gold pieces; a +2 hand axe of electrocution; a +0 chain mail A wyvern is nearby!
You are no longer berserk.
You are exhausted.
You feel yourself slow down.
You scratch the wyvern.
The wyvern is lightly wounded.
The wyvern completely misses you. The wyvern bites you!
* * * LOW HITPOINT WARNING * * *
Okay, then.
As you read the scroll of fear, it crumbles to dust.
You assume a fearsome visage.
The wyvern looks frightened!
Things that are here:
a +0 whip; a +0 leather armour; a +0 short sword You start resting.
A wyvern is nearby!
The wyvern hisses angrily.
You scratch the wyvern but do no damage.
The wyvern bites you!
You die...
Your body crumbles into a pile of gold.

### #....# l. $$$ .#
########. ..#
#..##..#.#
###########......# ##
#......##).$#..### .#
#......##)### .#
.######......##..##
..
)'...##......####l#
##
.###..'...)..###h####
.# ####......)[.....#
## #######'#######
#...# ###.# '# .. o..
...#


You could see a wyvern.

Vanquished Creatures
  Erica (D:8)
  Psyche (D:8)
  Grinder (D:6)
  Sigmund (D:6)
  3 wyverns
  2 yaks (D:9)
  2 water moccasins
  A sky beast (D:5)
  4 orc warriors
  An ice beast (D:7)
  3 ogres
  3 centaurs
  4 kobold brigands
  2 bullfrogs (D:8)
  4 scorpions
  7 killer bees
  A howler monkey (D:9)
  A centaur zombie (Ossuary)
  A gnoll bouda (D:6)
  3 hounds
  10 orc priests
  2 sleepcaps
  Terence (D:2)
  6 iguanas
  10 orc wizards
  4 ogre zombies (Ossuary)
  7 mummies (Ossuary)
  4 gnolls
  17 adders
  A shadow imp (D:8)
  A white imp (D:8)
  2 ufetubi (D:5)
  3 adder zombies (Ossuary)
  3 dart slugs
  41 orcs
  11 endoplasms
  6 giant cockroaches
  A gnoll zombie (Ossuary)
  6 goblins
  2 hobgoblins (D:1)
  6 jackals (D:4)
  28 kobolds
  6 quokkas
  9 ball pythons
  14 bats
  4 frilled lizards
  5 goblin zombies (Ossuary)
  5 hobgoblin zombies (Ossuary)
  2 kobold zombies (Ossuary)
  5 quokka zombies (Ossuary)
  8 rats
  4 rat zombies (Ossuary)
280 creatures vanquished.

Vanquished Creatures (others)
  A killer bee (D:6)
1 creature vanquished.

Grand Total: 281 creatures vanquished

Notes
Turn   | Place    | Note
-------+----------+-------------------------------------------
     0 | D:1      | GreatBamboolord the Felid Shapeshifter began the quest for
                  | the Orb.
     0 | D:1      | Reached XP level 1. HP: 9/9 MP: 2/2
   121 | D:1      | Found Uholoc Puoc's General Store.
   298 | D:1      | Reached skill level 1 in Stealth
   335 | D:1      | Reached XP level 2. HP: 12/12 MP: 3/3
   348 | D:1      | Found Itetal's Jewellery Emporium.
   682 | D:1      | Found Bemes's Antique Armour Shoppe.
   872 | D:2      | Found Yxolopp's Antique Armour Shop.
   977 | D:2      | Noticed Terence
  1156 | D:2      | You fall into a shaft and drop 2 floors!
  1156 | D:4      | Found a staircase to the Ecumenical Temple.
  1162 | Temple   | Entered the Ecumenical Temple
  1172 | Temple   | Became a worshipper of Gozag Ym Sagoz the Greedy
  1190 | D:4      | Succumbed to an adder's poison
  1191 | D:4      | Reached XP level 3. HP: 15/15 MP: 4/4
  1204 | D:4      | Reached skill level 2 in Stealth
  1489 | D:2      | Killed Terence
  1490 | D:2      | Reached skill level 3 in Stealth
  1490 | D:2      | Reached XP level 4. HP: 19/19 MP: 5/5
  2042 | D:3      | Learned a level 2 spell: Lesser Beckoning
  2163 | D:3      | Reached XP level 5. HP: 17/22 MP: 6/6
  2341 | D:3      | Found Miphunlorph's Antique Weapon Shoppe.
  2902 | D:4      | Reached skill level 1 in Translocations
  3018 | D:4      | Reached skill level 4 in Stealth
  3067 | D:4      | Gained mutation: You are covered in thick fur. (AC +2)
                  | [Felid growth]
  3067 | D:4      | Reached XP level 6. HP: 17/26 MP: 6/8
  3410 | D:4      | Reached skill level 1 in Spellcasting
  3492 | D:4      | Reached skill level 5 in Dodging
  3581 | D:5      | Entered Level 5 of the Dungeon
  3917 | D:5      | Reached XP level 7. HP: 30/30 MP: 9/9
  4113 | D:5      | Reached skill level 5 in Stealth
  4342 | D:5      | Found a hide-covered altar of Uskayaw.
  4707 | D:5      | Reached skill level 5 in Shapeshifting
  5057 | D:6      | Found a glowing drain.
  5144 | Sewer    | Entered a sewer
  5293 | Sewer    | Reached skill level 6 in Stealth
  5293 | Sewer    | Reached XP level 8. HP: 16/34 MP: 10/12
  5805 | D:6      | Noticed Grinder
  5977 | D:6      | Paralysed by Grinder for 2 turns
  5978 | D:6      | HP: 1/34 [Grinder (4)]
  5985 | D:6      | Killed Grinder
  6280 | D:6      | Reached skill level 7 in Stealth
  6431 | D:6      | Noticed Sigmund
  6443 | D:6      | Killed Sigmund
  7055 | D:6      | Reached XP level 9. HP: 37/39 MP: 14/14
  7063 | D:6      | Learned a level 3 spell: Gell's Gravitas
  7067 | D:6      | Learned a level 3 spell: Teleport Other
  7340 | D:7      | HP: 1/39 [poisoned by a killer bee]
  7932 | D:7      | Reached skill level 8 in Stealth
  7932 | D:7      | Reached skill level 5 in Translocations
  8732 | D:6      | Reached skill level 5 in Unarmed Combat
  9624 | D:8      | Noticed Psyche
  9625 | D:8      | Noticed Erica
  9642 | D:8      | Slain by Psyche
  9643 | D:8      | Found a sand-covered staircase.
  9657 | Ossuary  | Entered an ossuary
 10370 | Ossuary  | Reached skill level 9 in Stealth
 10496 | D:8      | Killed Psyche
 10744 | D:8      | Killed Erica
 10745 | D:8      | Reached XP level 10. HP: 31/43 MP: 16/16
 10893 | D:8      | Found a radiant altar of Vehumet.
 10895 | D:8      | Found a basalt altar of Yredelemnul.
 10901 | D:8      | Found a sacrificial altar of Ru.
 10904 | D:8      | Found an iron altar of Okawaru.
 10904 | D:8      | Found a glowing golden altar of the Shining One.
 10907 | D:8      | Found a glowing silver altar of Zin.
 10912 | D:8      | Found a stormy altar of Qazlal.
 10914 | D:8      | Identified the +9 war axe "Vemoinonk" {venom, Int+2}
 10923 | D:8      | Noticed a cyclops
 11041 | D:8      | Slain by a cyclops
 11117 | D:8      | Mangled by a wyvern
 11611 | D:9      | Noticed a cyclops
 11708 | D:9      | Reached skill level 5 in Fighting
 11708 | D:9      | Reached skill level 10 in Stealth
 11974 | D:9      | Slain by a wyvern

Illustrated notes

Levels and vault maps discovered:
D:1:      lemuel_arrival_cross, layout_basic, serial_shops, shop,
          nicolae_shop_temple_entry_statues_fountains,
          nicolae_shop_just_a_little_nook, minmay_splitting_lines
D:2:      layout_loops_ring, serial_shops, shop, hangedman_decor_push,
          grunt_decor_mini_mirrors, minmay_nonomino_d4, uniq_terence
D:3:      layout_loops_ring, serial_shops, shop
D:4:      layout_loops_ring, minmay_temple_entry_glass,
          amcnicky_mini_corridor_feature
D:5:      layout_loops_corners, mainiacjoe_overflow_boulevard
D:6:      layout_basic, gup_sewer_entry_glass, uniq_grinder, uniq_sigmund
D:7:      layout_cave_pools
D:8:      layout_basic, nicolae_overflow_hallway_of_the_gods, enter_ossuary_1,
          minmay_sticks_and_stones, uniq_erica, uniq_psyche
D:9:      layout_roguey, erik_orc_3
Temple:   nicolae_temple_great_sept

Skill      XL: |  1  2  3  4  5  6  7  8  9 10 |
---------------+-------------------------------+-----
Dodging        | 3 4 5 6 7 9 |  9.7
Stealth        | 1 3 4 6 7 9 10 | 10.1
Shapeshifting  | 4 5 6 7 |  7.8
Translocations | 1 2 3 4 6 |  6.6
Fighting       | 2 3 4 5 |  5.0
Spellcasting   | 1 2 3 4 |  4.2
Unarmed Combat | 4 5 |  5.7

Action                     |  1- 3 |  4- 6 |  7- 9 | 10-12 || total
---------------------------+-------+-------+-------+-------++-------
  Melee: Unarmed           |    79 |   148 |   494 |    77 ||   798
         Bite              |     2 |     8 |    50 |    10 ||    70
         Punch             |     4 |     2 |    20 |     4 ||    30
   Cast: Gell's Gravitas   |       |       |    15 |    19 ||    34
 Invoke: Potion Petition   |       |       |     3 |     2 ||     5
  Evoke: Wand              |       |       |     3 |       ||     3
    Use: Potion            |     2 |       |    13 |       ||    15
         Scroll            |     4 |     4 |    12 |     1 ||    21
   Stab: Sleeping          |     9 |    14 |    29 |     3 ||    55
         Distracted        |       |     4 |     4 |       ||     8
 Armour: Skin              |    27 |    30 |   166 |    28 ||   251
  Dodge: Dodged            |    63 |   110 |   401 |    76 ||   650

Table legend: (Time is in decaauts)
 A = Elapsed time spent in this place.
 B = Non-inter-level travel time spent in this place.
 C = Inter-level travel time spent in this place.
 D = Time resting spent in this place.
 E = Time spent auto-exploring this place.
 F = Levels seen in this place.
 G = Mean time per level.
                   A        B        C        D        E       F      G
               +--------+--------+--------+--------+--------+-----+--------+
         Total |  10461 |  10065 |    396 |   2454 |   4643 |  12 |  871.8 |
       Dungeon |   9376 |   8987 |    389 |   2243 |   4409 |   9 | 1041.8 |
        Temple |     17 |     10 |      7 |      0 |      0 |   1 |   17.0 |
         Sewer |    337 |    337 |      0 |      0 |    209 |   1 |  337.0 |
       Ossuary |    729 |    729 |      0 |    211 |     24 |   1 |  729.0 |
               +--------+--------+--------+--------+--------+-----+--------+

Top non-repeatable levels by time:
     D:6: 2779 daAuts
     D:5: 1412 daAuts
     D:8: 1066 daAuts
     D:4: 850 daAuts
     D:7: 803 daAuts
     D:2: 738 daAuts
     D:1: 729 daAuts
 Ossuary: 729 daAuts
     D:3: 666 daAuts
   Sewer: 337 daAuts
     D:9: 329 daAuts
  Temple: 17 daAuts
